 Dungeon Crawl Stone Soup version 0.29-a0-550-g81e455f4c2 (webtiles) character file.

Game seed: 16679973631581947095

22381 Lekart the Geomancer (level 12, 0/89 HPs)
             Began as a Red Draconian Earth Elementalist on June 5, 2022.
             Was an Elder of Sif Muna.
             Slain by a komodo dragon (22 damage)
             ... on level 2 of the Lair of Beasts.
             The game lasted 00:58:55 (20591 turns).

Lekart the Geomancer (DrEE)                        Turns: 20591, Time: 00:58:56

Health: 0/89       AC: 10    Str: 15    XL:     12   Next: 62%
Magic:  24/24      EV: 19    Int: 23    God:    Sif Muna [****..]
Gold:   1789       SH:  5    Dex: 19    Spells: 22/32 levels left

rFire   + . .      SeeInvis .   r - staff of earth
rCold   . . .      Faith    .   (no shield)
rNeg    . . .      Spirit   .   (body armour unavailable)
rPois   +          Reflect  +   (helmet restricted)
rElec   .          Harm     .   (no cloak)
rCorr   +          Rampage  .   P - +1 pair of gloves
Will    .....      Clarity  +   (no boots)
Stlth   ++........              k - amulet of reflection
HPRegen 0.24/turn               y - +4 ring of evasion
MPRegen 0.19/turn               w - ring of Bieri {rCorr Str+4 Int+4 Dex+6}

@: no status effects
A: breathe fire, AC +8, unfitting armour, fire resistance 1, cold-blooded,
clarity, low MP 1, poison resistance
a: Breathe Fire, Renounce Religion, Channel Magic, Forget Spell, Divine Exegesis


You were on level 2 of the Lair of Beasts.
You worshipped Sif Muna.
Sif Muna was greatly pleased with you.
You visited 3 branches of the dungeon, and saw 16 of its levels.
You also visited: Sewer and Bailey.

You collected 1789 gold pieces.

Inventory:

Hand Weapons
 J - a +2 scimitar of flaming
Missiles
 e - 243 stones
 j - a throwing net
Armour
 P - a +1 pair of gloves (worn)
Magical Staves
 r - a staff of earth (weapon)
 s - a staff of fire
Jewellery
 k - an amulet of reflection (around neck)
 w - the ring of Bieri (right hand) {rCorr Str+4 Int+4 Dex+6}
   (You acquired it in a bailey)

   [ring of dexterity]

   Str:       It affects your strength (+4).
   Int:       It affects your intelligence (+4).
   Dex:       It affects your dexterity (+6).
   rCorr:     It protects you from acid and corrosion.
 y - a +4 ring of evasion (left hand)
 D - an amulet of guardian spirit
 O - a ring of ice
Wands
 t - a wand of acid (11)
 z - a wand of polymorph (14)
 A - a wand of paralysis (13)
 L - a wand of digging (5)
Scrolls
 b - 2 scrolls of fog
 c - 4 scrolls of blinking
 f - 15 scrolls of teleportation
 i - a scroll of silence
 l - 5 scrolls of fear
 o - 2 scrolls of amnesia
 q - a scroll of magic mapping
 u - a scroll of poison
 B - 2 scrolls of identify
 H - a scroll of brand weapon
Potions
 a - a potion of invisibility
 d - 7 potions of haste
 g - 2 potions of mutation
 h - 3 potions of attraction
 m - a potion of magic
 n - 9 potions of heal wounds
 p - a potion of brilliance
 v - 2 potions of might
 E - 3 potions of ambrosia
 F - 5 potions of curing


   Skills:
 + Level 3.4 Fighting
 + Level 2.7 Staves
 + Level 5.2 Dodging
 - Level 1.7 Stealth
 + Level 4.1 Shields
 + Level 2.9 Unarmed Combat
 + Level 10.9 Spellcasting
 + Level 7.6 Conjurations
 + Level 3.7 Transmutations
 + Level 11.5 Earth Magic
 * Level 5.9 Invocations
 + Level 4.4 Evocations


You had 22 spell levels left.
You knew the following spells:

 Your Spells              Type           Power      Damage    Failure   Level
a - Sandblast             Erth           100%       2d20      1%          1
b - Stone Arrow           Conj/Erth      100%       3d13      1%          3
c - Passwall              Tmut/Erth      53%        N/A       1%          2
d - Petrify               Tmut/Erth      64%        N/A       2%          4

Your spell library contained the following spells:

 Spells                   Type           Power      Damage    Failure   Level
 Necrotize                Necr           48%        1d6       5%          1
 Slow                     Hex            48%        N/A       5%          1
 Ensorcelled Hibernation  Hex/Ice        24%        N/A       8%          2
 Confusing Touch          Hex            12%        N/A       16%         3
 Swiftness                Air            12%        N/A       16%         3
 Tukima's Dance           Hex            12%        N/A       16%         3
 Vampiric Draining        Necr           12%        2d6       16%         3
 Passage of Golubria      Tloc           12%        N/A       45%         4
 Yara's Violent Unravell  Hex/Tmut       10%        3d6       54%         5
 Agony                    Necr           12%        N/A       82%         5


Dungeon Overview and Level Annotations

Branches:
Dungeon (12/15)            Temple (1/1) D:7            Lair (3/6) D:11
 Shoals (0/4) Lair:3       Spider (0/4) Lair:2          Orc (0/2) D:11
  Sewer (visited)          Bailey (visited)

Altars:
Ashenzari
Cheibriados
Dithmenos
Elyvilon
Fedhas
Gozag
Hepliaklqana
Kikubaaqudgha
Makhleb
Nemelex Xobeh
Okawaru
Qazlal
Ru
Sif Muna
Trog
Uskayaw
Vehumet
Wu Jian
Xom
Yredelemnul
Zin
The Shining One
Beogh

Shops:
D:11 (

Annotations:
D:3 exclusion: downstairs
D:4 1 runed translucent door, Nedwor's ghost, amateur MiBe
D:7 2 transporters, vim's ghost, novice TeAE
Lair:1 exclusion: downstairs
Lair:3 Gastronok


Innate Abilities, Weirdness & Mutations

You can breathe blasts of fire.
Your fiery red scales are hard. (AC +8)
You cannot fit into any form of body armour.
Your flesh is heat resistant. (rF+)
You are cold-blooded and may be slowed by cold attacks.
You possess an exceptional clarity of mind.
Your magical capacity is low. (-10% MP)
Your system is resistant to poisons. (rPois)


Message History

You hit the centaur.
The centaur is heavily wounded.
The centaur barely misses you. The centaur closely misses you.
A komodo dragon comes into view.
Gastronok the Ponderous comes into view.
He is wearing a +1 hat of willpower.
You hit the centaur.
The centaur is heavily wounded.
The centaur misses you. You block the centaur's attack. x2
The centaur kicks you but does no damage.
The black mamba misses you.
The black mamba attacks as you move away!
You block the black mamba's attack. The centaur attacks as you move away!
The centaur hits you but does no damage.
The centaur closely misses you.
The centaur wields a +0 shortbow.
The centaur shoots an arrow.
The arrow hits you!
The black mamba attacks as you move away!
The black mamba bites you but does no damage.
The centaur shoots an arrow.
The arrow closely misses you. The black mamba completely misses you.
The centaur shoots an arrow.
The arrow hits you but does no damage.
The black mamba attacks as you move away!
The black mamba bites you.
The centaur shoots an arrow.
The arrow hits you.
The komodo dragon completely misses you.
You block the black mamba's attack.
There is a stone staircase leading up here.
The black mamba misses you.
The centaur shoots an arrow.
The arrow barely misses you. The komodo dragon bites you!!
The black mamba bites you but does no damage.
The centaur shoots an arrow.
The arrow hits you but does no damage.
You climb upwards.
There is a stone staircase leading down here.
The black mamba barely misses you.
The black mamba attacks as you move away!
The black mamba bites you.
* * * LOW HITPOINT WARNING * * *
You block the komodo dragon's attack. The black mamba bites you.
* * * LOW HITPOINT WARNING * * *
The komodo dragon bites you!!
You die...

#..............
#.........∩....
#..........≈≈≈≈
#..........≈≈##
#..........≈≈##
##...(......≈P##
######...........≈≈≈≈
###..##l#>.............
#.....@S...............
#..###...###.##....#.##
##.#≈≈≈§§...)#..>......
#.#≈§≈.§.........##...
#.#§P§≈.....#######...
#.......#...########.#
###.#########..^..#.#.
### ##....#...#
####†...#.#...


You could see a komodo dragon and a black mamba.

Vanquished Creatures
  An orc warlord (Bailey)
  2 hydras
  An ogre mage (D:10)
  Erica (D:8)
  Nergalle (D:10)
  2 cyclopes (D:11)
  Joseph (D:8)
  A black mamba (Lair:1)
  A cane toad (Lair:2)
  A gargoyle (D:10)
  Maggie (D:6)
  A rime drake (Lair:1)
  7 komodo dragons
  A kobold demonologist (D:9)
  3 trolls (D:8)
  A hornet (D:9)
  Grinder (D:3)
  3 slime creatures (D:9)
  A shadow (D:11)
  A vampire (D:11)
  Sigmund (D:4)
  4 culicivoras (Lair:2)
  A wraith (D:10)
  30 yaks
  A basilisk (Lair:1)
  Eustachio (D:6)
  Grum (D:11)
  2 wyverns
  A steam dragon (D:11)
  2 acid dragons
  4 water moccasins
  5 orc warriors
  3 sky beasts
  An ice beast (D:6)
  2 black bears
  2 ogres
  9 wolves
  13 centaurs
  A phantom (D:5)
  2 kobold brigands
  5 bullfrogs
  3 scorpions
  9 wights
  3 killer bees (D:9)
  4 howler monkeys
  2 jellies
  7 orc priests
  5 hounds
  Ijyb (D:5)
  7 orc wizards
  9 gnolls
  14 adders
  2 river rats (Sewer)
  A shadow imp (D:6)
  2 ufetubi
  2 worms
  5 dart slugs
  36 orcs
  7 ball pythons
  7 endoplasms
  6 giant cockroaches
  13 goblins
  6 hobgoblins
  5 jackals
  2 quokkas
  5 bats
  2 frilled lizards
  28 kobolds
  7 rats
323 creatures vanquished.

Vanquished Creatures (others)
  2 fungi (Lair:2)
  37 plants
39 creatures vanquished.

Grand Total: 362 creatures vanquished

Notes
Turn   | Place    | Note
-------+----------+-------------------------------------------
     0 | D:1      | Lekart the Draconian Earth Elementalist began the quest for
                  | the Orb.
     0 | D:1      | Reached XP level 1. HP: 14/14 MP: 3/3
   320 | D:1      | You fall into a shaft and drop 1 floor!
   412 | D:1      | Reached XP level 2. HP: 19/20 MP: 0/5
  1464 | D:2      | Reached XP level 3. HP: 27/27 MP: 4/6
  2021 | D:2      | Found a glowing golden altar of the Shining One.
  2033 | D:2      | Reached skill level 4 in Earth Magic
  2033 | D:2      | Reached XP level 4. HP: 32/34 MP: 2/8
  3190 | D:4      | Reached XP level 5. HP: 27/39 MP: 3/10
  3289 | D:4      | Found a runed translucent door.
  3290 | D:4      | Noticed Nedwor's ghost (amateur MiBe)
  3306 | D:4      | Found a glowing drain.
  3317 | Sewer    | Entered a sewer
  3513 | Sewer    | Learned a level 3 spell: Stone Arrow
  4055 | Sewer    | Reached XP level 6. HP: 46/46 MP: 3/12
  4579 | D:4      | Learned a level 2 spell: Passwall
  4627 | D:5      | Entered Level 5 of the Dungeon
  5006 | D:4      | Noticed Sigmund
  5032 | D:4      | Noticed Grinder
  5057 | D:3      | Killed Grinder
  5058 | D:3      | Reached skill level 1 in Unarmed Combat
  5058 | D:3      | Reached skill level 5 in Spellcasting
  5058 | D:3      | Reached skill level 1 in Conjurations
  5058 | D:3      | Reached skill level 5 in Earth Magic
  5058 | D:3      | Your scales start taking on a fiery red colour.
  5058 | D:3      | Reached XP level 7. HP: 26/51 MP: 6/14
  5058 | D:3      | Gained mutation: Your flesh is heat resistant. (rF+) [Red
                  | Draconian growth]
  5419 | D:4      | Killed Sigmund
  5420 | D:4      | Reached skill level 1 in Fighting
  5420 | D:4      | Reached skill level 1 in Shields
  5922 | D:5      | Noticed Ijyb
  5926 | D:5      | Killed Ijyb
  5929 | D:5      | Reached skill level 6 in Earth Magic
  5929 | D:5      | Reached XP level 8. HP: 55/59 MP: 5/16
  7266 | D:6      | Noticed Maggie
  7272 | D:6      | Killed Maggie
  7443 | D:6      | Reached skill level 7 in Earth Magic
  7725 | D:6      | Noticed Eustachio
  7732 | D:6      | Killed Eustachio
  7733 | D:6      | Reached XP level 9. HP: 67/67 MP: 16/19
  8341 | D:7      | Found a transporter.
  8590 | D:7      | Reached skill level 5 in Conjurations
  8794 | D:7      | Noticed a manticore
  8824 | D:7      | Noticed a troll
  8829 | D:7      | Found a transporter.
  8830 | D:7      | Noticed vim's ghost (novice TeAE)
  8931 | D:7      | Reached skill level 8 in Earth Magic
  8941 | D:7      | Gained mutation: Your magical capacity is low. (-10% MP)
                  | [potion of mutation]
  8941 | D:7      | Gained mutation: You possess an exceptional clarity of
                  | mind. [potion of mutation]
  8941 | D:7      | Gained mutation: Your system is resistant to poisons.
                  | (rPois) [potion of mutation]
  9091 | D:7      | Found a staircase to the Ecumenical Temple.
  9104 | Temple   | Entered the Ecumenical Temple
  9432 | Temple   | Became a worshipper of Sif Muna the Loreminder
  9936 | D:8      | Noticed a troll
  9936 | D:8      | Found the +1 robe of Vines {NoPotionHeal Regen++++}
  9937 | D:8      | Noticed a four-headed hydra
  9945 | D:8      | Killed a troll
  9948 | D:8      | Killed a four-headed hydra
  9949 | D:8      | Reached XP level 10. HP: 73/73 MP: 4/19
 10043 | D:8      | Reached skill level 9 in Earth Magic
 10176 | D:8      | Learned a level 4 spell: Petrify
 10325 | D:8      | Noticed Joseph
 10339 | D:8      | Killed Joseph
 11334 | D:8      | Noticed Erica
 11338 | D:8      | Killed Erica
 11339 | D:8      | Reached skill level 10 in Earth Magic
 11437 | D:9      | Identified a scroll of acquirement
 11437 | D:9      | Acquired a staff of earth
 11469 | D:9      | Found a flagged portal.
 11479 | Bailey   | Entered a bailey
 11550 | Bailey   | Noticed an orc warlord
 11560 | Bailey   | Reached * piety under Sif Muna
 11658 | Bailey   | Reached skill level 1 in Evocations
 11791 | Bailey   | Found a runed translucent gate.
 11793 | Bailey   | Found a runed translucent gate.
 11794 | Bailey   | Found a runed translucent gate.
 11966 | Bailey   | Killed an orc warlord
 12203 | Bailey   | Acquired the ring of Bieri {rCorr Str+4 Int+4 Dex+6}
 12497 | D:9      | Reached XP level 11. HP: 79/79 MP: 9/21
 12688 | D:9      | Reached ** piety under Sif Muna
 12691 | D:9      | Reached skill level 1 in Invocations
 12851 | D:9      | Found an ornate altar of the Wu Jian Council.
 13155 | D:9      | Reached skill level 1 in Staves
 13682 | D:10     | Entered Level 10 of the Dungeon
 13985 | D:10     | Found a glowing golden altar of the Shining One.
 14595 | D:10     | Reached skill level 10 in Spellcasting
 14605 | D:10     | Acquired 891 gold pieces
 14867 | D:10     | Noticed Nergalle
 14876 | D:10     | Killed Nergalle
 14895 | D:10     | Noticed a cyan ugly thing
 15039 | D:10     | Noticed an ogre mage
 15046 | D:10     | Paralysed by something for 3 turns
 15052 | D:10     | Killed an ogre mage
 15198 | D:10     | Noticed a wizard
 15687 | D:11     | Noticed Grum
 15703 | D:11     | Reached *** piety under Sif Muna
 15717 | D:11     | Killed Grum
 15842 | D:11     | Found a staircase to the Orcish Mines.
 16026 | D:11     | HP: 3/82 [cyclops/large rock (22)]
 16586 | D:11     | Found Bucit's Weapon Boutique.
 16711 | D:11     | Reached XP level 12. HP: 89/89 MP: 16/23
 17123 | D:11     | Reached skill level 11 in Earth Magic
 17178 | D:11     | Found a staircase to the Lair.
 17318 | D:11     | Reached skill level 5 in Dodging
 17503 | Lair:1   | Entered Level 1 of the Lair of Beasts
 18394 | Lair:1   | Reached skill level 5 in Invocations
 18898 | Lair:2   | Noticed a six-headed hydra
 18903 | Lair:2   | Killed a five-headed hydra
 19421 | Lair:2   | Found a hazy altar of Hepliaklqana.
 19487 | Lair:2   | Found a hole to the Spider Nest.
 20192 | Lair:2   | Reached **** piety under Sif Muna
 20572 | Lair:3   | Found a staircase to the Shoals.
 20582 | Lair:3   | Noticed Gastronok
 20591 | Lair:2   | Slain by a komodo dragon

Illustrated notes

Levels and vault maps discovered:
D:1:      dpeg_arrival_another_circle, layout_loops_ring
D:2:      minmay_evil_eye, layout_basic, basic_altar
D:3:      layout_basic, small_statue_intersection
D:4:      layout_cave_pools, cheibrodos_sewer_entry_drain,
          gammafunk_ghost_grave, uniq_grinder, uniq_sigmund
D:5:      kennysheep_spiral_hall, layout_loops_ring, uniq_ijyb
D:6:      layout_cave_pods, uniq_maggie, uniq_eustachio
D:7:      layout_loops_ring, minmay_temple_entry_mini_moons, nzn_ghost_randoct,
          minmay_misc_feat_square, minmay_misc_feat_ornament, dk_vineyard_1
D:8:      layout_basic, hellmonk_guarded_unrand_vines, uniq_erica, uniq_joseph
D:9:      layout_loops_ring, mainiacjoe_overflow_paths, enter_bailey_5,
          hellmonk_bongcloud_opening
D:10:     layout_basic, tso_metal_star, minmay_shattered_shrine, uniq_nergalle
D:11:     layout_long_grid, erik_lair_dragon, minmay_orc_entry_temple_small,
          serial_shops, nicolae_shop_bloodbath_and_beyond, uniq_grum
D:12:     layout_long_grid
Temple:   mainiacjoe_temple_cubbyholes
Lair:1:   layout_cave_pods, chequers_serial_rivers_room_a, serial_bayou_shore_b
Lair:2:   layout_gridlike, hellmonk_spider_entry_life_and_decay,
          gauntlet_entry_generic, basic_altar
Lair:3:   layout_chaotic_city, minmay_shoals_entry_centaurs, uniq_gastronok

Skill      XL: |  1  2  3  4  5  6  7  8  9 10 11 12 |
---------------+-------------------------------------+-----
Spellcasting   | 3 4 5 7 8 9 10 | 10.9
Earth Magic    | 4 5 6 7 8 10 11 | 11.5
Dodging        | 2 3 4 5 |  5.2
Unarmed Combat | 1 2 |  2.9
Conjurations   | 1 2 4 5 6 7 |  7.6
Fighting       | 1 2 3 |  3.4
Shields        | 1 2 3 4 |  4.1
Transmutations | 2 3 |  3.7
Evocations     | 3 4 |  4.4
Invocations    | 4 5 |  5.9
Staves         | 2 |  2.7
Stealth        | |  1.7

Action                   |  1- 3 |  4- 6 |  7- 9 | 10-12 || total
-------------------------+-------+-------+-------+-------++-------
Melee: Unarmed           |    16 |    76 |    35 |    13 ||   140
       Tailslap          |     3 |    14 |     5 |    28 ||    50
       Punch             |       |     1 |     1 |     8 ||    10
       Staff             |       |       |       |   178 ||   178
       Scimitar          |       |       |       |     1 ||     1
 Cast: Sandblast         |    61 |    61 |    21 |    37 ||   180
       Stone Arrow       |       |    32 |    96 |   198 ||   326
       Petrify           |       |       |       |    13 ||    13
       Passwall          |       |       |       |     7 ||     7
Invok: Channel Magic     |       |       |       |     1 ||     1
 Abil: Breathe Fire      |       |       |    11 |    25 ||    36
Evoke: Wand              |       |       |       |    66 ||    66
  Use: Scroll            |     3 |     4 |     3 |    19 ||    29
       Potion            |       |     3 |     1 |     8 ||    12
 Stab: Petrified         |       |       |       |    10 ||    10
       Sleeping          |       |       |       |     1 ||     1
Armor: Skin              |     8 |    44 |    14 |    76 ||   142
Dodge: Dodged            |    24 |    64 |    36 |   323 ||   447
Block: Other             |       |    26 |    15 |    93 ||   134
       Reflection        |       |     1 |     1 |    12 ||    14

Table legend: (Time is in decaauts)
 A = Elapsed time spent in this place.
 B = Non-inter-level travel time spent in this place.
 C = Inter-level travel time spent in this place.
 D = Time resting spent in this place.
 E = Time spent auto-exploring this place.
 F = Levels seen in this place.
 G = Mean time per level.
                   A        B        C        D        E       F      G
               +--------+--------+--------+--------+--------+-----+--------+
         Total |  20770 |  20170 |    600 |   4604 |  12139 |  18 | 1153.9 |
       Dungeon |  15290 |  14770 |    520 |   3046 |   9223 |  12 | 1274.2 |
        Temple |    362 |    330 |     32 |      0 |    289 |   1 |  362.0 |
          Lair |   3091 |   3044 |     47 |    834 |   1869 |   3 | 1030.3 |
         Sewer |   1286 |   1286 |      0 |    248 |    757 |   1 | 1286.0 |
        Bailey |    740 |    740 |      0 |    476 |      0 |   1 |  740.0 |
               +--------+--------+--------+--------+--------+-----+--------+

Top non-repeatable levels by time:
    D:11: 2199 daAuts
     D:8: 1930 daAuts
     D:9: 1711 daAuts
  Lair:1: 1648 daAuts
  Lair:2: 1427 daAuts
     D:5: 1348 daAuts
     D:6: 1302 daAuts
     D:7: 1296 daAuts
   Sewer: 1286 daAuts
     D:1: 1245 daAuts
     D:3: 1131 daAuts
     D:4: 1117 daAuts
    D:10: 1026 daAuts
     D:2: 961 daAuts
  Bailey: 740 daAuts
